 Dungeon Crawl Stone Soup version 0.24-a0-518-g9d8d8d5b78 (webtiles) character file.

Game seed: 12120920492852367627

2560 Gynju the Archer (level 9, -5/79 HPs)
             Began as a Centaur Hunter on July 23, 2019.
             Killed from afar by Erica (10 damage)
             ... with a bolt of poison
             ... on level 8 of the Dungeon.
             The game lasted 00:18:11 (8746 turns).

Gynju the Archer (Centaur Hunter)                   Turns: 8746, Time: 00:18:11

Health: -5/79      AC: 11    Str: 18    XL:     9   Next: 31%
Magic:  9/9        EV:  9    Int: 10    God:
Gold:   350        SH:  0    Dex: 10    Spells: 8/8 levels left

rFire    . . .     SeeInvis .   b - +1 scythe (venom)
rCold    . . .     Gourm    .   (shield currently unavailable)
rNeg     . . .     Faith    .   y - +4 scale mail {rPois}
rPois    +         Spirit   .   (no helmet)
rElec    .         Reflect  .   n - +0 cloak
rCorr    .         Harm     .   (no gloves)
MR       .....                  (no barding)
Stlth    ..........             v - amulet of the acrobat
HPRegen  0.23/turn              (no ring)
MPRegen  0.11/turn              (no ring)

@: very quick
A: large, hooves 3, deformed body, speed 2, tough skin 3
a: no special abilities


You were on level 8 of the Dungeon.
You were not hungry.

You visited 2 branches of the dungeon, and saw 9 of its levels.

You collected 350 gold pieces.

Inventory:

Hand Weapons
 a - a +0 longbow
 b - a +1 scythe of venom (weapon)
 C - a +2 dire flail of crushing
Missiles
 d - 68 arrows
 e - 195 stones (quivered)
 i - 43 poisoned darts
Armour
 m - a +3 leather armour
 n - a +0 cloak (worn)
 y - a +4 scale mail of poison resistance (worn)
Jewellery
 v - an amulet of the acrobat (around neck)
Wands
 o - a wand of polymorph (1)
Scrolls
 c - 4 scrolls of teleportation {unknown}
 h - 4 scrolls of remove curse
 j - 3 scrolls of enchant armour {unknown}
 k - 2 scrolls of fog {unknown}
 l - 3 scrolls of magic mapping {unknown}
 q - 3 scrolls of blinking {unknown}
 u - a scroll of random uselessness {unknown}
 w - a scroll of fear {unknown}
 D - 2 scrolls of noise {unknown}
 E - a scroll of identify
Potions
 g - 3 potions of mutation
 p - 2 potions of curing
 r - a potion of flight
 s - 2 potions of haste
 t - 3 potions of berserk rage
 x - 2 potions of cancellation
 z - 2 potions of resistance {unknown}
 A - 3 potions of agility {unknown}
 B - a potion of lignification {unknown}
Comestibles
 f - 15 rations
 F - 6 chunks of flesh


   Skills:
 + Level 7.6 Fighting
 + Level 10.8 Bows
 + Level 5.7 Dodging
 - Level 0.4 Stealth


You had 8 spell levels left.
You didn't know any spells.
Your spell library was empty.

Dungeon Overview and Level Annotations

Branches:
Dungeon (8/15)             Temple (1/1) D:5
   Lair: D:8-11

Altars:
Cheibriados
Elyvilon
Fedhas
Gozag
Hepliaklqana
Kikubaaqudgha
Makhleb
Nemelex Xobeh
Ru
Sif Muna
Trog
Vehumet
Wu Jian
Xom
Yredelemnul
Zin
The Shining One

Annotations:
D:8 Erica


Innate Abilities, Weirdness & Mutations

You have hooves in place of feet.
Armour fits poorly on your strangely shaped body.
You cover ground very quickly.
You have extremely tough skin. (AC +3)


Message History

Something hits you but does no damage. Something hits you.
* * * LOW HITPOINT WARNING * * *
Something burns you.
* * * LOW HITPOINT WARNING * * *
You barely miss something. Something hits you.
* * * LOW HITPOINT WARNING * * *
Something burns you.
* * * LOW HITPOINT WARNING * * *
You hit something. Something hits you!
* * * LOW HITPOINT WARNING * * *
Something burns you.
* * * LOW HITPOINT WARNING * * *
You hear some strange, mumbled words.
Something tries to affect you, but you resist.
You closely miss something. You kick something.
You hear the slow hiss of a very distant avalanche of sand.
You hear some strange, mumbled words.
A bolt of poison appears from out of thin air!
The bolt of poison hits you! You resist.
You die...

#...###.## ###...#....
..... #......#..### [.(#
......###... ...#
......#..#### ..#
###........... ..#
...........#####Z#
..รท.)..#......##{#
##.###.....##.##@#######.
#.# ##.#.###............
#.# #.#.# ####.########
#.# #.... ...# #.. ....##
##### ### #####


You could see a bullfrog zombie.

Vanquished Creatures
  Joseph (D:7)
  Sigmund (D:3)
  Edmund (D:6)
  A phantom (D:4)
  2 ogres (D:7)
  A centaur (D:5)
  5 bullfrogs
  4 killer bees (D:7)
  5 wights (D:6)
  2 howler monkeys
  3 crimson imps
  A bullfrog zombie (D:7)
  A quasit (D:7)
  A centaur skeleton (D:7)
  2 hounds
  2 orc priests
  2 iguanas (D:7)
  2 orc wizards
  6 worker ants
  A killer bee zombie (D:7)
  A howler monkey zombie (D:5)
  7 adders
  7 gnolls (D:6)
  A howler monkey skeleton (D:5)
  A shadow imp (D:5)
  An ooze (D:1)
  An adder skeleton (D:4)
  3 worms
  5 leopard geckos
  9 orcs
  2 ball pythons
  6 bats
  9 giant cockroaches
  12 goblins
  11 hobgoblins
  12 jackals
  3 quokkas
  5 frilled lizards
  3 kobolds
  A leopard gecko skeleton (D:7)
  A quokka skeleton (D:5)
  10 rats
155 creatures vanquished.

Vanquished Creatures (others)
  A wizard (D:3)
1 creature vanquished.

Grand Total: 156 creatures vanquished

Notes
Turn   | Place    | Note
-------+----------+-------------------------------------------
     0 | D:1      | Gynju the Centaur Hunter began the quest for the Orb.
     0 | D:1      | Reached XP level 1. HP: 17/17 MP: 1/1
   239 | D:1      | You fall into a shaft and drop 1 floor!
   289 | D:1      | Reached XP level 2. HP: 24/24 MP: 2/2
  1095 | D:1      | Reached XP level 3. HP: 26/30 MP: 3/3
  1595 | D:2      | Reached skill level 6 in Bows
  1821 | D:2      | Reached XP level 4. HP: 19/38 MP: 4/4
  2074 | D:2      | Found a burning altar of Makhleb.
  2074 | D:2      | Noticed a green death
  2077 | D:2      | Noticed an orange demon
  2077 | D:2      | Noticed a hellwing
  2274 | D:3      | Noticed Sigmund
  2432 | D:3      | Killed Sigmund
  2432 | D:3      | Reached XP level 5. HP: 35/46 MP: 5/5
  2506 | D:3      | Reached skill level 7 in Bows
  2810 | D:3      | Reached XP level 6. HP: 52/52 MP: 6/6
  2937 | D:3      | Found a bloodstained altar of Trog.
  2938 | D:3      | Noticed a wizard
  2944 | D:3      | Killed a wizard
  3159 | D:4      | Found a deep blue altar of Sif Muna.
  3391 | D:4      | Found a snail-covered altar of Cheibriados.
  3440 | D:4      | Found an ancient bone altar of Kikubaaqudgha.
  3774 | D:5      | Entered Level 5 of the Dungeon
  3856 | D:5      | Found a staircase to the Ecumenical Temple.
  3865 | Temple   | Entered the Ecumenical Temple
  4239 | D:5      | Reached XP level 7. HP: 60/60 MP: 7/7
  4553 | D:5      | Reached skill level 5 in Fighting
  4553 | D:5      | Reached skill level 8 in Bows
  5459 | D:6      | Noticed Edmund
  5490 | D:6      | Killed Edmund
  5490 | D:6      | Reached XP level 8. HP: 24/70 MP: 8/8
  5789 | D:6      | Reached skill level 9 in Bows
  7032 | D:7      | Reached skill level 5 in Dodging
  7156 | D:7      | Reached skill level 10 in Bows
  7325 | D:7      | Noticed Joseph
  7681 | D:7      | Killed Joseph
  7681 | D:7      | Reached XP level 9. HP: 39/79 MP: 9/9
  8727 | D:8      | Noticed Erica
  8746 | D:8      | Killed from afar by Erica

Levels and vault maps discovered:
D:1:      minmay_arrival_shattered_statue, layout_loops_corners,
          chequers_hall_statues_wall_a
D:2:      layout_loops_cross, serial_rivers, chequers_serial_rivers_small_3,
          chequers_serial_rivers_small_3, chequers_serial_rivers_room_b,
          chequers_serial_rivers_micro_e, first_ration,
          makhleb_altar_promises_db
D:3:      layout_basic, st_stairs_13, trog_wizard, uniq_sigmund
D:4:      layout_rooms, kiku_gazebo_garden_becter, cheibriados_altar_1,
          lemuel_doored_altar, serial_rivers, chequers_serial_rivers_room_b,
          chequers_serial_rivers_micro_e, chequers_serial_rivers_micro_c,
          chequers_serial_rivers_small_b, chequers_serial_rivers_marsh,
          chequers_decorated_corner
D:5:      minmay_skewed_foursquare, layout_basic, minmay_temple_entry_statues
D:6:      layout_basic, uniq_edmund
D:7:      layout_loops_corners, uniq_joseph
D:8:      layout_loops_ring, minitemple, chequers_ossuary_entry_cave, uniq_grum,
          uniq_pikel, uniq_erica
Temple:   oiseaux_autumnal_temple

Skill      XL: |  1  2  3  4  5  6  7  8 |
---------------+-------------------------+-----
Dodging        | 2 3 4 5 |  5.7
Bows           | 6 7 8 10 | 10.8
Fighting       | 3 4 5 7 |  7.6
Stealth        | |  0.4

Action                   |  1- 3 |  4- 6 |  7- 9 || total
-------------------------+-------+-------+-------++-------
Melee: Short sword       |   113 |    30 |       ||   143
       Kick              |    15 |    16 |    21 ||    52
       Scythe            |       |    75 |   120 ||   195
 Fire: Shortbow          |    10 |       |       ||    10
       Longbow           |    11 |    25 |   191 ||   227
  Use: Potion            |     1 |       |     1 ||     2
       Scroll            |       |       |     6 ||     6
  Eat: Chunk             |     2 |     6 |    13 ||    21
Armor: Leather armour    |    52 |    52 |    31 ||   135
       Scale mail        |       |       |    96 ||    96
       Skin              |       |       |     1 ||     1
Dodge: Dodged            |    52 |    67 |   144 ||   263

Table legend:
 A = Non-vault XP
 B = Vault XP
 C = Vault XP percentage of total XP
 D = Non-vault monster count
 E = Vault monster count
 F = Vault count percentage of total count
                 A         B        C        D         E       F
            +---------+---------+-------+---------+---------+-------
      Total |    2530 |    1128 |  30.8 |     146 |       9 |   5.8
            +---------+---------+-------+---------+---------+-------
        D:1 |      44 |       0 |   0.0 |      26 |       0 |   0.0
        D:2 |      55 |       0 |   0.0 |      15 |       0 |   0.0
        D:3 |      62 |     229 |  78.7 |      25 |       2 |   7.4
        D:4 |     252 |       0 |   0.0 |      10 |       0 |   0.0
        D:5 |     281 |     269 |  48.9 |      19 |       5 |  20.8
        D:6 |     679 |     164 |  19.5 |      21 |       1 |   4.5
        D:7 |    1112 |     466 |  29.5 |      28 |       1 |   3.4
        D:8 |      45 |       0 |   0.0 |       2 |       0 |   0.0
            +---------+---------+-------+---------+---------+-------
